 Dungeon Crawl Stone Soup version 0.21-a0-110-g8e1637b (webtiles) character file.

504 nikopol the Magician (level 6, -3/32 HPs)
             Began as a Deep Elf Fire Elementalist on July 7, 2017.
             Was an Initiate of Vehumet.
             Slain by an iguana (4 damage)
             ... on level 4 of the Dungeon.
             The game lasted 00:16:13 (3513 turns).

nikopol the Magician (Deep Elf Fire Elementalist)   Turns: 3513, Time: 00:16:14

Health: -3/32      AC:  4    Str:  5    XL:     6   Next: 96%
Magic:  11/16      EV: 13    Int: 22    God:    Vehumet [......]
Gold:   144        SH:  0    Dex: 15    Spells: 4/16 levels left

rFire    . . .     SeeInvis .   e - +0 dagger
rCold    . . .     Gourm    .   (no shield)
rNeg     . . .     Faith    .   a - +0 robe
rPois    .         Spirit   .   (no helmet)
rElec    .         Reflect  .   (no cloak)
rCorr    .         Harm     .   p - +0 pair of gloves
MR       .....                  f - +0 pair of boots
Stlth    ++........             (no amulet)
HPRegen  0.10/turn              (no ring)
MPRegen  0.15/turn              (no ring)

@: no status effects
A: no striking features
a: Renounce Religion


You were on level 4 of the Dungeon.
You worshipped Vehumet.
Vehumet was noncommittal.
You were hungry.

You visited 1 branch of the dungeon, and saw 4 of its levels.
You also visited: Sewer.

You collected 144 gold pieces.

Inventory:

Hand Weapons
 e - a +0 dagger (weapon)
Armour
 a - a +0 robe (worn)
 f - a +0 pair of boots (worn)
 p - a +0 pair of gloves (worn)
Jewellery
 v - an uncursed ring of wizardry {unknown}
Scrolls
 l - 5 scrolls of identify
 o - 3 scrolls of enchant weapon {unknown}
 r - a scroll of recharging {unknown}
 s - a scroll of random uselessness {unknown}
 u - a scroll of teleportation
 w - a scroll of blinking {unknown}
 x - 2 scrolls of remove curse {unknown}
 y - a scroll of immolation {unknown}
Potions
 d - a potion of haste {unknown}
 g - a potion of curing {unknown}
 i - 2 potions of brilliance
 j - 2 potions of agility {unknown}
 k - a potion of mutation {unknown}
 m - a potion of lignification {unknown}
 q - a potion of magic {unknown}
 z - a potion of flight {unknown}
 A - 2 potions of heal wounds {unknown}
Books
 b - a book of Flames

   Spells                             Type                      Level
   a - Flame Tongue                   Conjuration/Fire             1
   b - Throw Flame                    Conjuration/Fire             2
   c - Conjure Flame                  Conjuration/Fire             3
   d - Inner Flame                    Hexes/Fire                   3
   e - Sticky Flame                   Conjuration/Fire             4
   f - Fireball                       Conjuration/Fire             5
 t - a book of Air

   Spells                             Type                      Level
   a - Shock                          Conjuration/Air              1
   b - Swiftness                      Charms/Air                   2
   c - Static Discharge               Conjuration/Air              3
   d - Airstrike                      Air                          4
   e - Lightning Bolt                 Conjuration/Air              5
Comestibles
 c - 4 bread rations
 h - 2 meat rations
 n - 3 fruits


   Skills:
 + Level 0.2 Fighting
 + Level 3.1 Dodging
 + Level 3.4 Stealth
 + Level 5.8 Spellcasting
 + Level 4.1 Conjurations
 + Level 5.6 Fire Magic


You had 4 spell levels left.
You knew the following spells:

 Your Spells              Type           Power        Failure   Level  Hunger
a - Flame Tongue          Conj/Fire      ####.        1%          1    None
b - Throw Flame           Conj/Fire      ####..       1%          2    None
c - Conjure Flame         Conj/Fire      ####....     3%          3    ##.....
d - Fireball              Conj/Fire      ####......   34%         5    #####..
e - Shock                 Conj/Air       ###.         4%          1    None


Dungeon Overview and Level Annotations

Branches:
Dungeon (4/15)
 Temple: D:4-7

Altars:
Ashenzari
Gozag
Hepliaklqana
Nemelex Xobeh
Vehumet
Xom
Yredelemnul


Message History

The centaur hits you but does no damage.
Casting: Flame Tongue
Confirm with . or Enter, or press ? or * to list all spells.
Aiming: Flame Tongue
Press: ? - help, Shift-Dir - straight line, f/p - centaur
Aim: a centaur (almost dead)
The flame tongue misses the centaur.
The centaur hits you!
* * * LOW HITPOINT WARNING * * *
The iguana bites you.
* * * LOW HITPOINT WARNING * * *
Casting: Flame Tongue
Confirm with . or Enter, or press ? or * to list all spells.
Aiming: Flame Tongue
Press: ? - help, Shift-Dir - straight line, f/p - centaur
Aim: a centaur (almost dead)
The flame tongue hits the centaur.
You kill the centaur!
Vehumet accepts your kill. The iguana bites you.
You die...

.#............ ##....
##..........##
#....###............#
#....#...............
.................... #
.............##....
..####............###...
......l)#######.........
.......@.### #...#####.
.####..(...####.### #.
#............# ##.
#...(........### #..
#...(....#.....####.#
##.##(.......##......#
#.. #(......# ##....#.
..##..##..###.####.....##
.........## #..........##


You could see an iguana.

Vanquished Creatures
  Grinder (D:3)
  Purgy (Sewer)
  A centaur (D:4)
  A hound (D:4)
  2 adders (D:2)
  2 oozes
  3 worms
  2 dart slugs (D:1)
  5 leopard geckos
  2 orcs (D:3)
  2 giant cockroaches
  6 goblins
  5 hobgoblins
  13 jackals
  10 kobolds
  A quokka (D:4)
  5 bats
  4 frilled lizards
  A leopard gecko skeleton (D:4)
  5 rats
72 creatures vanquished.

Notes
Turn   | Place    | Note
-------+----------+-------------------------------------------
     0 | D:1      | nikopol the Deep Elf Fire Elementalist began the quest for the Orb.
     0 | D:1      | Reached XP level 1. HP: 10/10 MP: 6/6
   367 | D:1      | Reached XP level 2. HP: 15/15 MP: 2/8
   739 | D:1      | Reached XP level 3. HP: 18/19 MP: 2/9
   970 | D:1      | Found a shimmering altar of Xom.
   975 | D:1      | Found a hazy altar of Hepliaklqana.
   975 | D:1      | Found a hazy altar of Hepliaklqana.
   978 | D:1      | Found a shimmering altar of Xom.
   978 | D:1      | Found a basalt altar of Yredelemnul.
   978 | D:1      | Found an opulent altar of Gozag.
  1381 | D:2      | Reached XP level 4. HP: 24/24 MP: 3/11
  1662 | D:2      | Found a shattered altar of Ashenzari.
  1754 | D:2      | Found a basalt altar of Yredelemnul.
  2084 | D:3      | Found a glowing drain.
  2089 | Sewer    | Entered a sewer
  2259 | Sewer    | Noticed Purgy
  2266 | Sewer    | Killed Purgy
  2266 | Sewer    | Reached XP level 5. HP: 8/28 MP: 5/14
  2504 | Sewer    | Learned a level 2 spell: Throw Flame
  2508 | Sewer    | Learned a level 3 spell: Conjure Flame
  2514 | Sewer    | Learned a level 5 spell: Fireball
  2516 | Sewer    | Learned a level 1 spell: Shock
  2672 | D:3      | Noticed Grinder
  2676 | D:3      | Paralysed by Grinder for 4 turns
  2691 | D:3      | Killed Grinder
  2691 | D:3      | Reached skill level 5 in Spellcasting
  2691 | D:3      | Reached skill level 5 in Fire Magic
  2691 | D:3      | Reached XP level 6. HP: 19/32 MP: 0/16
  2905 | D:3      | Found a sparkling altar of Nemelex Xobeh.
  3176 | D:4      | Found a radiant altar of Vehumet.
  3299 | D:4      | Became a worshipper of Vehumet
  3512 | D:4      | HP: 1/32 [iguana (2)]
  3513 | D:4      | Slain by an iguana

Vault maps used:
D:1:      tarquinn_simple_flora_water_b, doesnt_xom_only_xom
D:2:      lemuel_doored_altar, nicolae_overflow_crystal_walls, first_bread,
          nrook_mini_backslash
D:3:      nemelex_altar_shiori, gup_sewer_entry_bowl, uniq_grinder
D:4:      fiery_altar_vehumet, kennysheep_little_box
Sewer:    kennysheep_door_sewer

Skill      XL: |  1  2  3  4  5  6 |
---------------+-------------------+-----
Fire Magic     | 4 5 |  5.6
Conjurations   | 2 3 4 |  4.1
Spellcasting   | 4 5 |  5.8
Stealth        | 3 |  3.4
Dodging        | 3 |  3.1
Fighting       | |  0.2

Action                   |  1- 3 |  4- 6 || total
-------------------------+-------+-------++-------
 Cast: Flame Tongue      |    79 |    77 ||   156
       Throw Flame       |       |     3 ||     3
       Conjure Flame     |       |     1 ||     1
  Use: Scroll            |       |     2 ||     2
  Eat: Chunk             |     1 |     6 ||     7
Armor: Robe              |     9 |     9 ||    18
Dodge: Dodged            |    26 |    29 ||    55
